 Dungeon Crawl Stone Soup version 0.32-a0-42-ga30500b4d3 (webtiles) character file.

Game seed: 6270996728489671047

50145 CougarLife the Severer (level 14, 0/190 HPs)
             Began as a Minotaur Berserker on Jan 29, 2024.
             Was a High Priest of Trog.
             Slain by an emperor scorpion (10 damage)
             ... on level 1 of the Spider Nest.
             The game lasted 00:36:00 (20442 turns).

CougarLife the Severer (Minotaur Berserker)        Turns: 20442, Time: 00:36:00

Health: 0/190      AC: 25    Str: 24    XL:     14   Next: 18%
Magic:  13/13      EV: 17    Int:  6    God:    Trog [*****.]
Gold:   3014       SH:  0    Dex: 17    Spells: 13/13 levels left

rFire   . . .        L - +0 broad axe (elec)
rCold   . . .        (no shield)
rNeg    . . .        O - +6 plate armour
rPois   .            (helmet restricted)
rElec   .            E - +0 cloak
rCorr   .            N - +0 pair of gloves
SInv    .            B - +0 pair of boots
Will    +++..        (no amulet) Stlth
                     A - +5 ring of evasion
HPRegen 1.51/turn    G - +6 ring of dexterity
MPRegen 0.13/turn

%: no passive effects
@: berserking, lethally poisoned (0 -> -8), marked, strong-willed, regenerating,
very quick
A: horns 2, retaliatory headbutt
a: Renounce Religion, Berserk, Trog's Hand, Brothers in Arms


You were on level 1 of the Spider Nest.
You worshipped Trog.
Trog was extremely pleased with you.
You visited 4 branches of the dungeon, and saw 19 of its levels.
You also visited: Ossuary.

You collected 3014 gold pieces.

Inventory:

Hand Weapons
 K - a +4 trident of draining
 L - a +0 broad axe of electrocution (weapon)
Missiles
 a - 6 javelins
 k - 11 boomerangs (quivered)
 m - 36 poisoned darts
 R - 6 curare-tipped darts
Armour
 B - a +0 pair of boots (worn)
 E - a +0 cloak (worn)
 N - a +0 pair of gloves (worn)
 O - a +6 plate armour (worn)
Jewellery
 A - a +5 ring of evasion (left hand)
 G - a +6 ring of dexterity (right hand)
Wands
 c - a wand of paralysis (15)
 l - a wand of flame (8)
 y - a wand of polymorph (6)
 z - a wand of mindburst (15)
 D - a wand of iceblast (10)
 Q - a wand of acid (3)
Scrolls
 b - 4 scrolls of immolation
 e - a scroll of enchant armour
 f - 2 scrolls of fog
 i - 10 scrolls of teleportation
 n - 4 scrolls of fear
 p - 2 scrolls of summoning
 t - 7 scrolls of poison
 x - 4 scrolls of noise
 F - a scroll of revelation
 I - a scroll of vulnerability
 M - a scroll of enchant weapon {unknown}
 P - a scroll of torment {unknown}
Potions
 d - 2 potions of enlightenment {unknown}
 g - 3 potions of mutation
 h - 9 potions of might
 j - 2 potions of magic {unknown}
 o - 4 potions of cancellation {unknown}
 q - 11 potions of curing
 r - 10 potions of heal wounds
 s - 8 potions of brilliance {unknown}
 u - 6 potions of attraction {unknown}
 v - 8 potions of haste
 w - a potion of lignification {unknown}
 C - a potion of ambrosia {unknown}
 H - 2 potions of invisibility {unknown}
 J - 2 potions of resistance {unknown}


   Skills:
 - Level 12.8 Fighting
 - Level 18.0 Axes
 - Level 12.0 Throwing
 - Level 11.0 Armour
 + Level 10.2 Dodging


You had 13 spell levels left.
You didn't know any spells.
Your spell library was empty.

Dungeon Overview and Level Annotations

Branches:
Dungeon (12/15)            Temple (0/1) D:7            Lair (5/5) D:11
 Shoals (1/4) Lair:3       Spider (1/4) Lair:2        Slime (0/5) Lair:4
    Orc (0/2) D:9         Ossuary (visited)

Altars:
Ashenzari
Elyvilon
Fedhas
Gozag
Makhleb
Okawaru
Ru
Trog
Uskayaw
Zin
Jiyva

Shops:
D:2 [

Annotations:
Shoals:1 Mlioglotl
Spider:1 Rupert


Innate Abilities, Weirdness & Mutations

You have a pair of horns on your head.
You reflexively headbutt those who attack you in melee.


Message History

The emperor scorpion is severely wounded.
You slash the demonic crawler! You slash the spark wasp!
You feel very sick. The spark wasp stings you. The spark wasp shocks you!
The demonic crawler hits you but does no damage.
The demonic crawler hits you!
The demonic crawler hits you but does no damage.
You slash the emperor scorpion! You headbutt the emperor scorpion!!
The emperor scorpion is almost dead.
You barely miss the demonic crawler. You slash the spark wasp!
You feel very sick. The emperor scorpion stings you!
* * * LOW HITPOINT WARNING * * *
The emperor scorpion claws you but does no damage.
The emperor scorpion misses you. The spark wasp barely misses you.
You furiously retaliate!
You headbutt the spark wasp!
You hit the emperor scorpion but do no damage.
The emperor scorpion is almost dead.
You barely miss the spark wasp. You hit Rupert.
You feel sick.
You hit the emperor scorpion.
The emperor scorpion is almost dead.
You slash Rupert! You slash the spark wasp!
You feel very sick. The spark wasp stings you!!
* * * LOW HITPOINT WARNING * * *
The spark wasp shocks you!
* * * LOW HITPOINT WARNING * * *
The emperor scorpion stings you but does no damage.
The emperor scorpion misses you.
The emperor scorpion claws you but does no damage.
You hit the emperor scorpion.
Your headbutt misses the emperor scorpion.
The emperor scorpion is almost dead.
You completely miss Rupert. You slash the demonic crawler!
You barely miss the spark wasp.
* * * LOW HITPOINT WARNING * * *
You feel very sick. The spark wasp barely misses you. You furiously retaliate!
You headbutt the spark wasp. The emperor scorpion stings you!
You die...

## ## #.######## #≈##
#....#..# ## ###≈.##
####....<÷#
#.###..#^.###........###
#~.##.....##~..........##
#...###>.s..#.........#≈#
####....##.y@.#.......##~##
#..........s@s#..........#
#.............#####......#
#####~###.s†...# ###....#
#.......#..†#### ## #..###
##......#......# #..#..#
##....#~~......~..#..#.##
#.....B.###....#..~#.†.#
#.......s..~#...# ..##..##


You could see Rupert (soul bound), an emperor scorpion (soul bound), a spark
wasp (soul bound), a demonic crawler, an orb spider (soul bound) and a
culicivora.

Vanquished Creatures
  4 hydras
  2 catoblepae (Lair:5)
  3 two-headed ogres
  A boulder beetle (Lair:5)
  A demonic crawler (Spider:1)
  3 death yaks (Lair:5)
  A pharaoh ant (Spider:1)
  A skyshark (Lair:5)
  A steelbarb worm (Spider:1)
  A sea snake (Lair:3)
  A lindwurm (Lair:5)
  An orb spider (Spider:1)
  Pikel (D:6)
  A wolf spider (Spider:1)
  2 manticores
  2 cyclopes
  An ugly thing (D:11)
  Maurice (D:7)
  A merfolk siren (Lair:3)
  5 elephants
  Joseph (D:9)
  A gargoyle (D:11)
  6 black mambas
  A torpor snail (Lair:5)
  An unseen horror (D:12)
  A kobold demonologist (D:9)
  Jeremiah (D:6)
  3 rime drakes
  11 cane toads
  14 komodo dragons
  Psyche (D:9)
  A merfolk (Lair:3)
  A polar bear (D:9)
  2 trolls (D:12)
  3 tarantellas (Spider:1)
  A hornet (D:10)
  2 dream sheep (Lair:5)
  15 blink frogs
  3 jumping spiders (Spider:1)
  Sigmund (D:4)
  A culicivora (Spider:1)
  2 shadows (D:12)
  48 yaks
  2 wyverns
  5 basilisks
  5 vampire mosquitoes
  Menkaure (D:6)
  5 redbacks (Spider:1)
  3 ice beasts
  12 water moccasins
  2 orc warriors
  A sky beast (D:8)
  4 ogres
  5 black bears
  A centaur (shapeshifter) (D:9)
  3 wolves (Lair:5)
  4 centaurs
  3 lemures (D:6)
  4 kobold brigands
  16 bullfrogs
  2 weeping skulls (Ossuary)
  A gnoll sergeant (D:8)
  A scorpion (Lair:1)
  5 wights (D:7)
  17 killer bees
  2 electric eels (Spider:1)
  5 howler monkeys
  A bombardier beetle (D:5)
  5 orc priests
  3 jellies
  A gnoll bouda (D:7)
  8 hounds
  A human zombie (Ossuary)
  Terence (D:2)
  4 iguanas
  Natasha (thrice) (D:2)
  13 orc wizards
  A centaur simulacrum (D:9)
  6 mummies
  7 gnolls
  9 adders
  4 white imps
  3 ufetubi
  3 dart slugs
  A ribbon worm (D:2)
  37 orcs
  11 ball pythons
  6 endoplasms
  2 giant cockroaches
  3 gnoll zombies (Ossuary)
  9 goblins
  4 hobgoblins
  8 quokkas
  4 bats
  6 frilled lizards
  18 kobolds
  3 kobold zombies (Ossuary)
  An orc zombie (Ossuary)
  4 rats
454 creatures vanquished.

Vanquished Creatures (others)
  A tarantella (Spider:1)
1 creature vanquished.

Grand Total: 455 creatures vanquished

Notes
Turn   | Place    | Note
-------+----------+-------------------------------------------
     0 | D:1      | CougarLife the Minotaur Berserker began the quest for the
                  | Orb.
     0 | D:1      | Reached XP level 1. HP: 19/19 MP: 0/0
    76 | D:1      | Found a faded altar of an unknown god.
    90 | D:1      | Reached skill level 4 in Axes
   122 | D:1      | Reached XP level 2. HP: 20/27 MP: 1/1
   452 | D:2      | Reached ** piety under Trog
   549 | D:2      | Reached skill level 5 in Axes
   549 | D:2      | Reached XP level 3. HP: 32/34 MP: 2/2
   550 | D:2      | Reached XP level 4. HP: 35/41 MP: 3/3
   675 | D:2      | Noticed Terence
   682 | D:2      | Killed Terence
   683 | D:2      | Reached skill level 5 in Fighting
   683 | D:2      | Reached skill level 6 in Axes
   683 | D:2      | Reached XP level 5. HP: 48/48 MP: 4/4
   864 | D:2      | Found Ruef's Antique Armour Shop.
   871 | D:2      | Noticed Natasha
   884 | D:2      | Killed Natasha
  1181 | D:2      | Noticed Natasha
  1190 | D:2      | Killed Natasha
  1300 | D:2      | Noticed Natasha
  1309 | D:2      | Killed Natasha
  1484 | D:3      | Reached XP level 6. HP: 50/56 MP: 5/5
  1546 | D:3      | Reached skill level 7 in Axes
  1607 | D:3      | Found a bloodstained altar of Trog.
  1693 | D:3      | Reached *** piety under Trog
  1828 | D:3      | Found a glowing silver altar of Zin.
  2167 | D:4      | Reached skill level 8 in Axes
  2193 | D:4      | Reached XP level 7. HP: 58/63 MP: 6/6
  2522 | D:4      | Identified the +1 falchion of a Billion Violins {freeze,
                  | rN+}
  2588 | D:4      | Noticed Sigmund
  2601 | D:4      | Killed Sigmund
  2672 | D:5      | Entered Level 5 of the Dungeon
  2723 | D:5      | Reached skill level 9 in Axes
  2739 | D:5      | Found an iron altar of Okawaru.
  2740 | D:5      | Found a hide-covered altar of Uskayaw.
  3154 | D:5      | Reached XP level 8. HP: 38/73 MP: 7/7
  3302 | D:5      | Found a white marble altar of Elyvilon.
  3310 | D:5      | Reached **** piety under Trog
  3311 | D:5      | Reached skill level 10 in Axes
  3747 | D:6      | Found a sand-covered staircase.
  3758 | Ossuary  | Entered an ossuary
  3975 | Ossuary  | Reached skill level 11 in Axes
  4498 | D:6      | Reached XP level 9. HP: 56/82 MP: 8/8
  4645 | D:6      | Noticed Jeremiah
  4713 | D:6      | Killed Jeremiah
  4714 | D:6      | Reached skill level 5 in Dodging
  5029 | D:6      | Noticed Pikel
  5048 | D:6      | Killed Pikel
  5049 | D:6      | Reached skill level 12 in Axes
  5294 | D:6      | Noticed Menkaure
  5297 | D:6      | Killed Menkaure
  5584 | D:7      | Noticed Maurice
  5589 | D:7      | Killed Maurice
  5724 | D:7      | Reached skill level 13 in Axes
  5787 | D:7      | Reached XP level 10. HP: 71/89 MP: 9/9
  5990 | D:7      | Found a staircase to the Ecumenical Temple.
  6048 | D:7      | Found a broken altar of Ashenzari.
  6148 | D:7      | Found a blossoming altar of Fedhas.
  6423 | D:8      | Reached skill level 14 in Axes
  6525 | D:8      | Found an opulent altar of Gozag.
  6608 | D:8      | Reached skill level 1 in Throwing
  6717 | D:8      | Found a sacrificial altar of Ru.
  6769 | D:8      | Found a burning altar of Makhleb.
  6980 | D:9      | Noticed Joseph
  7026 | D:9      | Killed Joseph
  7033 | D:9      | Noticed a cyclops
  7570 | D:9      | Reached skill level 5 in Throwing
  7594 | D:9      | Killed a cyclops
  7755 | D:9      | Noticed Psyche
  7768 | D:9      | Killed Psyche
  7843 | D:9      | Found a staircase to the Orcish Mines.
  8325 | D:9      | Reached XP level 11. HP: 95/95 MP: 10/10
  8443 | D:9      | Noticed a soul eater
  8638 | D:10     | Entered Level 10 of the Dungeon
  8865 | D:10     | Noticed a two-headed ogre
  8887 | D:10     | Killed a two-headed ogre
  9497 | D:10     | Noticed a two-headed ogre
  9505 | D:10     | Killed a two-headed ogre
  9584 | D:10     | Reached skill level 10 in Throwing
  9592 | D:10     | Reached ***** piety under Trog
  9893 | D:11     | Noticed a white ugly thing
  9910 | D:11     | Killed a white ugly thing
 10850 | D:11     | Found a staircase to the Lair.
 11165 | Lair:1   | Entered Level 1 of the Lair of Beasts
 11188 | D:11     | Reached XP level 12. HP: 75/103 MP: 11/11
 11429 | Lair:1   | Reached skill level 5 in Armour
 12897 | Lair:2   | Noticed a six-headed hydra
 13399 | Lair:2   | Found a hole to the Spider Nest.
 13751 | Lair:2   | Noticed a six-headed hydra
 13759 | Lair:2   | Reached skill level 10 in Fighting
 13762 | Lair:2   | Killed a six-headed hydra
 14015 | Lair:2   | Killed a six-headed hydra
 14811 | Lair:3   | Identified the +3 quarterstaff of Moderation {heavy, rElec
                  | Str+3 Dex-4}
 14883 | Lair:3   | Received a gift from Trog
 14890 | Lair:3   | Identified a scroll of acquirement
 14892 | Lair:3   | Acquired 969 gold pieces
 14909 | Lair:3   | Reached skill level 10 in Armour
 15459 | Lair:3   | Found a staircase to the Shoals.
 15605 | Lair:4   | Found a staircase to the Slime Pits.
 15606 | Lair:4   | Found a viscous altar of Jiyva.
 15686 | Lair:4   | Reached XP level 13. HP: 82/116 MP: 12/12
 16219 | Lair:4   | Reached skill level 15 in Axes
 16751 | Lair:5   | Entered Level 5 of the Lair of Beasts
 17508 | Lair:5   | Reached skill level 16 in Axes
 18042 | Lair:5   | Reached skill level 17 in Axes
 18348 | Lair:5   | Reached skill level 18 in Axes
 19492 | D:12     | Found an iron altar of Okawaru.
 19504 | D:12     | Reached XP level 14. HP: 104/127 MP: 13/13
 19864 | Shoals:1 | Entered Level 1 of the Shoals
 19864 | Shoals:1 | Noticed Mlioglotl
 19865 | Shoals:1 | Noticed an Executioner
 19867 | Shoals:1 | Noticed a bone dragon
 19963 | Spider:1 | Entered Level 1 of the Spider Nest
 20413 | Spider:1 | Noticed an emperor scorpion
 20426 | Spider:1 | Noticed Rupert
 20436 | Spider:1 | Reached skill level 10 in Dodging
 20442 | Spider:1 | Slain by an emperor scorpion

Illustrated notes

Levels and vault maps discovered:
D:1:      dpeg_arrival_rooms_c, layout_rooms,
          ebering_ecumenical_altar_sacrificial
D:2:      layout_rooms, serial_shops, nicolae_shop_dealshenge, uniq_terence,
          uniq_natasha
D:3:      layout_rooms, trog_butcher_becter, lemuel_round_altar,
          hangedman_decor_clover_reticule
D:4:      layout_cave_pools, kennysheep_small_square, uniq_sigmund
D:5:      layout_cave_pools, elyvilon_altar_1, gammafunk_temple_overflow_pools
D:6:      layout_basic, gup_ossuary_entry_pyramid, minmay_misc_feat_ornament,
          uniq_pikel, uniq_jeremiah, uniq_menkaure
D:7:      layout_cave_pools, mainiacjoe_overflow_surrounded_room,
          mainiacjoe_overflow_catwalk, minmay_temple_entry_poolview,
          uniq_maurice
D:8:      layout_cave_pools, lemuel_doored_altar, grunt_gozag_breadcrumbs,
          makhleb_blood_cavern_becter, minmay_misc_feat_columns
D:9:      layout_loops_ring, erik_orc_3, serial_ice, serial_ice_o, serial_ice_l,
          serial_ice_g, serial_ice_e, serial_ice_m, small_chamber_with_monster,
          uniq_joseph, uniq_psyche
D:10:     layout_cave_pods
D:11:     layout_rooms, grunt_lair_entry_orc_guard_hut
D:12:     layout_cave_pools, okawaru_gym_becter
Lair:1:   layout_layer_cave, beast_lair_carwin_4
Lair:2:   layout_layer_cave, spider_nest_entry_web_field, grunt_megastairs_5
Lair:3:   layout_small_grid, elwin_shoals_entry_rooms
Lair:4:   layout_regular_city, slime_entry_1, enter_volcano_4
Lair:5:   hangedman_lair_in_review, layout_misc_corridors, st_stairs_13
Shoals:1: layout_shoals, uniq_aizul, uniq_mlioglotl
Spider:1: layout_spider_delve, uniq_rupert

Skill      XL: |  1  2  3  4  5  6  7  8  9 10 11 12 13 14 |
---------------+-------------------------------------------+-----
Axes           | 4 5 6 8 9 11 13 14 18 | 18.0
Fighting       | 4 5 6 7 8 11 12 | 12.8
Dodging        | 4 8 10 | 10.2
Throwing       | 6 12 | 12.0
Armour         | 10 11 | 11.0

Action                     |  1- 3 |  4- 6 |  7- 9 | 10-12 | 13-15 || total
---------------------------+-------+-------+-------+-------+-------++-------
  Melee: Hand axe          |    49 |   135 |   288 |   408 |       ||   880
         Headbutt          |     6 |    16 |    65 |   146 |    93 ||   326
         Punch             |     1 |       |     4 |     9 |     4 ||    18
         Broad axe         |       |       |       |   215 |   344 ||   559
         Trident           |       |       |       |     9 |     6 ||    15
  Throw: Boomerang         |       |       |     1 |     8 |    20 ||    29
         Dart              |       |       |       |    16 |    16 ||    32
 Invoke: Berserk           |     1 |     1 |     7 |    10 |     4 ||    23
         Trog's Hand       |       |       |     2 |     7 |     4 ||    13
  Evoke: Wand              |       |       |     4 |       |       ||     4
    Use: Scroll            |       |       |     6 |    16 |     4 ||    26
   Stab: Sleeping          |     1 |       |       |       |       ||     1
 Armour: Animal skin       |    31 |     8 |       |       |       ||    39
         Scale mail        |       |    82 |   159 |   271 |       ||   512
         Plate armour      |       |       |       |    50 |   298 ||   348
  Dodge: Dodged            |    35 |    62 |   127 |   483 |   259 ||   966

Table legend: (Time is in decaauts)
 A = Elapsed time spent in this place.
 B = Non-inter-level travel time spent in this place.
 C = Inter-level travel time spent in this place.
 D = Time resting spent in this place.
 E = Time spent auto-exploring this place.
 F = Levels seen in this place.
 G = Mean time per level.
                   A        B        C        D        E       F      G
               +--------+--------+--------+--------+--------+-----+--------+
         Total |  20356 |  19288 |   1068 |   5203 |  10354 |  20 | 1017.8 |
       Dungeon |  11821 |  11132 |    689 |   2814 |   6203 |  12 |  985.1 |
          Lair |   7672 |   7294 |    378 |   1916 |   4107 |   5 | 1534.4 |
        Shoals |      3 |      3 |      0 |      0 |      0 |   1 |    3.0 |
   Spider Nest |    459 |    459 |      0 |    307 |      0 |   1 |  459.0 |
       Ossuary |    399 |    399 |      0 |    166 |     43 |   1 |  399.0 |
               +--------+--------+--------+--------+--------+-----+--------+

Top non-repeatable levels by time:
  Lair:5: 2047 daAuts
  Lair:1: 1663 daAuts
     D:6: 1619 daAuts
  Lair:2: 1538 daAuts
    D:11: 1509 daAuts
  Lair:4: 1384 daAuts
    D:10: 1228 daAuts
     D:9: 1201 daAuts
     D:8: 1088 daAuts
  Lair:3: 1038 daAuts
     D:5: 1006 daAuts
     D:7: 768 daAuts
     D:2: 754 daAuts
     D:3: 712 daAuts
    D:12: 686 daAuts
